AoeStats
← BP_

Arabia

510901566Analyzed
1v1 RM · 17h ago on Oct 3, 2026· 50m 7s· 2 players
Game mode
Random Map
Map size
Tiny (2 player)
Population
200
Speed
Normal
Resources
Standard
Victory
Conquest
Starting age
Dark Age
Ending age
Imperial Age
RankedLock teamsTeams togetherTeam positionsShared explorationLock speedFull tech treeHidden civsTurbo modeCheats
Victory
Defeat
🇦🇷 Vietnamese · Argentina
1230
+13
🇧🇷 Bengalis · Brazil
1170
-13
BP_
4:42 Loom
10:17 Feudal Age
10:18 Man-at-Arms
18:16 Fletching
19:35 Wheelbarrow
22:38 Castle Age
20:51 Padded Archer Armor
22:04 Double-Bit Axe
22:04 Horse Collar
23:36 Bodkin Arrow
24:45 Scale Barding Armor
24:43 Husbandry
26:50 Elite Skirmisher
28:04 Bow Saw
29:27 Scale Mail Armor
28:50 Pikeman
31:38 Gold Mining
34:45 Hand Cart
35:20 Gold Shaft Mining
35:20 Stone Mining
36:32 Heavy Plow
39:37 Imperial Age
38:08 Forging
38:13 Chain Mail Armor
39:27 Iron Casting
40:09 Squires
41:13 Halberdier
42:47 Conscription
42:57 Paiks
43:54 Crop Rotation
44:01 Bracer
44:01 Town Watch
44:13 Gambesons
45:39 Blast Furnace
45:08 Ballistics
46:20 Leather Archer Armor
46:25 Arson
47:24 Crossbowman
47:40 Elite Elephant Archer
49:28 Crossbowman
Pepe Sapo
6:46 Loom
9:36 Feudal Age
10:10 Double-Bit Axe
15:37 Fletching
18:21 Horse Collar
22:13 Castle Age
21:07 Scale Barding Armor
21:12 Forging
22:26 Crossbowman
23:58 Chain Barding Armor
24:44 Bloodlines
24:35 Husbandry
26:03 Scale Mail Armor
27:10 Town Watch
28:02 Wheelbarrow
27:54 Squires
29:31 Arson
31:16 Heavy Plow
32:41 Hand Cart
37:16 Imperial Age
35:49 Chain Mail Armor
37:21 Elite Fire Lancer
39:08 Bow Saw
39:51 Plate Mail Armor
39:56 Iron Casting
39:49 Capped Ram
43:30 Chemistry
44:39 Crop Rotation
44:38 Town Patrol
44:24 Light Cavalry
45:42 Plate Barding Armor
46:33 Murder Holes
46:59 Ballistics
Connection lost

Rejoining the realm…

Still unreachable

The connection could not be restored.

Session expired

The server has moved on; the page needs a fresh start.